 Dungeon Crawl Stone Soup version 0.18.1-50-g88ac8fd (webtiles) character file.

48 Peloso the Covered (level 3, -1/33 HPs)
             Began as a Minotaur Fighter on Sept 17, 2016.
             Slain by an orc
             ... wielding a +0 flail
              (3 damage)
             ... on level 4 of the Dungeon.
             The game lasted 00:01:41 (905 turns).

Peloso the Covered (Minotaur Fighter)                Turns: 905, Time: 00:01:41

Health: -1/33      AC: 11    Str: 20    XL:     3   Next: 50%
Magic:  2/2        EV:  4    Int:  5    God:
Gold:   67         SH:  9    Dex: 10    Spells: 0 memorised, 2 levels left

rFire  . . .     SeeInvis .     a - +0 long sword
rCold  . . .     Gourm    .     v - +0 plate armour (curse)
rNeg   . . .     Faith    .     c - +0 shield
rPois  .         Spirit   .     (helmet restricted)
rElec  .         Dismiss  .     l - +0 cloak
rCorr  .         Reflect  .     (no gloves)
SustAt .         Harm     .     (no boots)
MR     .....                    (no amulet)
Stlth  ..........               (no ring)
                                h - -2 ring of protection (curse)

@: not resistant to hostile enchantments, extremely unstealthy
A: retaliatory headbutt, horns 2
a: no special abilities


You were on level 4 of the Dungeon.
You were not hungry.

You visited 1 branch of the dungeon, and saw 3 of its levels.

You collected 67 gold pieces.

Inventory:

Hand Weapons
 a - a +0 long sword (weapon)
 x - a +3 flail of protection
Armour
 b - a +0 scale mail
 c - a +0 shield (worn)
 l - a +0 cloak (worn)
 v - a cursed +0 plate armour (worn)
Jewellery
 h - a cursed -2 ring of protection (left hand)
Scrolls
 e - 3 scrolls of fog {unknown}
 i - a scroll of enchant weapon {unknown}
 j - a scroll of fear {unknown}
 k - 2 scrolls of remove curse {unknown}
 m - a scroll of identify {unknown}
 n - 2 scrolls of enchant armour {unknown}
 q - a scroll of random uselessness {unknown}
 u - a scroll of teleportation {unknown}
Potions
 d - 2 potions of might
 g - 3 potions of flight {unknown}
 o - a potion of curing {unknown}
 p - a potion of agility {unknown}
 r - a potion of haste {unknown}
 z - a potion of lignification {unknown}
Comestibles
 f - a bread ration
 s - a chunk of flesh
 t - a meat ration
 w - a beef jerky


   Skills:
 + Level 4.2 Fighting
 + Level 2.9 Long Blades
 + Level 4.3 Armour
 + Level 0.4 Dodging
 + Level 0.1 Stealth
 + Level 3.9 Shields


You had 2 spell levels left.
You didn't know any spells.

Dungeon Overview and Level Annotations

Branches:
Dungeon (2/15)

Altars:


Innate Abilities, Weirdness & Mutations

You reflexively headbutt those who attack you in melee.
You have a pair of horns on your head.


Message History

The orc wizard gestures at you while chanting.
The magic dart hits you!
You hit the orc wizard.
The orc wizard is severely wounded.
You block the orc's attack.
The orc wizard gestures at you while chanting.
The magic dart hits you!
* * * LOW HITPOINT WARNING * * *
The orc wizard gestures wildly while chanting.
The orc wizard blinks!
The orc hits you with a flail.
* * * LOW HITPOINT WARNING * * *
You closely miss the orc.
The orc wizard casts a spell.
The orc wizard blinks!
You block the orc's attack.
Unknown command.
You miss the orc wizard.
The orc wizard is severely wounded.
The orc wizard hits you but does no damage.
The orc hits you with a flail.
You die...

#.......+.....#...^.....
#.......##+####........[
###................#####
#................#
#................+ .
#................# ..#
...#####....######...#
#....#oo.......
#....'.@..?ยง...
#....########+# #......
#...... +......#
#......# ##+#.... #..


You could see an orc wizard and an orc.

Vanquished Creatures
  A centaur skeleton (D:4)
  An adder (D:2)
  An orc (D:4)
  2 bats (D:1)
  A giant cockroach (D:1)
  A hobgoblin (D:1)
  3 kobolds
  4 rats
14 creatures vanquished.

Notes
Turn   | Place    | Note
--------------------------------------------------------------
     0 | D:1      | Peloso the Minotaur Fighter began the quest for the Orb.
     0 | D:1      | Reached XP level 1. HP: 19/19 MP: 0/0
   539 | D:1      | Reached XP level 2. HP: 26/27 MP: 1/1
   866 | D:2      | You fall through a shaft for 2 floors!
   889 | D:4      | Reached XP level 3. HP: 27/33 MP: 2/2
   905 | D:4      | Slain by an orc

Skill      XL: |  1  2 |
---------------+-------+-----
Armour         | 4 |  4.3
Fighting       | 4 |  4.2
Long Blades    | |  2.9
Dodging        | |  0.4
Stealth        | |  0.1
Shields        | |  3.9

Action                   || total
-------------------------++-------
Melee: Long sword        ||    32
       Headbutt          ||     6
Armor: Scale mail        ||    12
       Plate armour      ||    15
Dodge: Dodged            ||     8
Block: Shield            ||    14
